 Dungeon Crawl Stone Soup version 0.31-a0-321-g19405a7a6a (webtiles) character file.

Game seed: 10992417098135872856

52 HallandMoats the Insei (level 3, 0/26 HPs)
             Began as an Octopode Monk on July 17, 2023.
             Constricted to death by a ball python (1 damage)
             ... on level 3 of the Dungeon.
             The game lasted 00:01:41 (1405 turns).

HallandMoats the Insei (Octopode Monk)              Turns: 1405, Time: 00:01:42

Health: 0/26       AC:  1    Str: 12    XL:     3   Next: 85%
Magic:  3/3        EV: 11    Int: 12    God:
Gold:   107        SH:  0    Dex: 14    Spells: 2/2 levels left

rFire   . .          .
                       - Unarmed
rCold   . . .        b - orb {light}
rNeg    . . .        (helmet restricted)
rPois   .            (no amulet)
rElec   .            (no ring)
rCorr   .            (no ring)
SInv    .            (no ring)
Will    .....        (no ring)
Stlth   +            (no ring)
HPRegen 0.24/turn    (no ring)
MPRegen 0.08/turn    (no ring)
                     (no ring)

%: no passive effects
@: confused, lethally poisoned (0 -> -13), ambrosia-drunk, glowing, constricted
A: almost no armour, amphibious, 8 rings, camouflage 1, gelatinous body 1,
(nimble swimmer 1), tentacles
a: no special abilities


You were on level 3 of the Dungeon.
You visited 1 branch of the dungeon, and saw 3 of its levels.

You collected 107 gold pieces.

Inventory:

Armour
 b - an orb of light (worn)
Scrolls
 c - 2 scrolls of teleportation {unknown}
 d - a scroll of identify {unknown}
 e - a scroll of poison {unknown}
 g - 3 scrolls of vulnerability {unknown}
Potions
 f - 2 potions of curing {unknown}


   Skills:
 * Level 3.5 Fighting
 * Level 3.4 Dodging
 + Level 1.9 Stealth
 * Level 3.5 Unarmed Combat


You had 2 spell levels left.
You didn't know any spells.
Your spell library contained the following spells:

 Spells                   Type           Power      Damage    Failure   Level
 Ozocubu's Armour         Ice            0%         N/A       69%         3
 Tukima's Dance           Hex            0%         N/A       69%         3
 Passage of Golubria      Tloc           0%         N/A       97%         4
 Yara's Violent Unravell  Hex/Tmut       0%         3d3       100%        5
 Ozocubu's Refrigeration  Ice            0%         4d7       100%        7


Dungeon Overview and Level Annotations

Branches:
Dungeon (3/15)

Altars:


Innate Abilities, Weirdness & Mutations

You cannot wear most types of armour.
You are amphibious.
You can wear up to eight rings at the same time.
Your skin changes colour to match your surroundings (Stealth+).
Your rubbery body absorbs attacks. (AC +1, EV +1)
((You are camouflaged when in or above water. (Stealth+)))
You have tentacles for arms and can constrict up to eight enemies at once.


Message History

Found 4 gold pieces.
There is an open door here.
The ball python hisses angrily.
The kobold shouts!
The ball python attacks as you move away!
The ball python misses you. x2
The kobold hits you with a +2 short sword of venom.
You are poisoned.
You completely miss the kobold. Your grab misses the kobold.
You feel sick. The ball python barely misses you.
The ball python completely misses you.
The kobold hits you with a +2 short sword of venom.
You are more poisoned.
You barely miss the kobold. You grab the kobold. You constrict the kobold.
You feel very sick. The ball python closely misses you.
The ball python grabs you. The ball python constricts you.
You tentacle-slap the kobold but do no damage.
The kobold is moderately wounded.
You constrict the kobold, but do no damage.
You feel very sick.
The kobold hits you with a +2 short sword of venom.
You are lethally poisoned!
The ball python misses you. The ball python constricts you.
You tentacle-slap the kobold. x2
You kill the kobold!
You feel very sick. The ball python bites you. The ball python constricts you.
* * * LOW HITPOINT WARNING * * *
You are confused.
You feel invigorated.
* * * LOW HITPOINT WARNING * * *
You feel very sick. The ball python bites you.
* * * LOW HITPOINT WARNING * * *
The ball python constricts you.
* * * LOW HITPOINT WARNING * * *
The ball python bites you.
* * * LOW HITPOINT WARNING * * *
The ball python constricts you.
You die...

######## #.......
#.#####. #.# #.
################.# #.
#.........##.....# #.
#.....@...##.##### #.
#.....)S..'..# ######.
#.........#### #......
#.........#######.#####
#.........#.....#.#
#####....## #.....#
#..$.+ #.#.### #....# #
#.# #....# #.#


You could see a ball python.

Vanquished Creatures
  2 adders (D:2)
  A worm (D:2)
  A dart slug (D:2)
  3 endoplasms (D:1)
  2 giant cockroaches (D:1)
  4 goblins
  3 kobolds
  3 quokkas
  3 ball pythons
  2 bats (D:1)
  2 frilled lizards (D:1)
  3 rats (D:1)
29 creatures vanquished.

Notes
Turn   | Place    | Note
-------+----------+-------------------------------------------
     0 | D:1      | HallandMoats the Octopode Monk began the quest for the Orb.
     0 | D:1      | Reached XP level 1. HP: 16/16 MP: 1/1
   221 | D:1      | Reached XP level 2. HP: 21/21 MP: 2/2
   252 | D:1      | Reached skill level 1 in Stealth
   807 | D:2      | Reached XP level 3. HP: 17/26 MP: 3/3
  1405 | D:3      | HP: 1/26 [ball python (1)]
  1405 | D:3      | Constricted to death by a ball python

Illustrated notes

Levels and vault maps discovered:
D:1:      heliophobic_arrival_glass_houses, layout_basic
D:2:      layout_loops_ring
D:3:      lemuel_castle_with_subvaults [lemuel_castle_interior_carwin_3],
          layout_basic, lemuel_coloured_pillars_altar, uniq_sigmund

Skill      XL: |  1  2 |
---------------+-------+-----
Stealth        | 1 |  1.9
Fighting       | |  3.5
Dodging        | |  3.4
Unarmed Combat | |  3.5

Action                     || total
---------------------------++-------
  Melee: Unarmed           ||    62
         Constrict         ||    17
         Tentacles         ||    13
         Punch             ||     1
    Use: Potion            ||     1
   Stab: Sleeping          ||     2
 Armour: Skin              ||     5
  Dodge: Dodged            ||    45

Table legend: (Time is in decaauts)
 A = Elapsed time spent in this place.
 B = Non-inter-level travel time spent in this place.
 C = Inter-level travel time spent in this place.
 D = Time resting spent in this place.
 E = Time spent auto-exploring this place.
 F = Levels seen in this place.
 G = Mean time per level.
                   A        B        C        D        E       F      G
               +--------+--------+--------+--------+--------+-----+--------+
         Total |   1400 |   1372 |     28 |      0 |   1135 |   3 |  466.7 |
       Dungeon |   1400 |   1372 |     28 |      0 |   1135 |   3 |  466.7 |
               +--------+--------+--------+--------+--------+-----+--------+

Top non-repeatable levels by time:
     D:1: 741 daAuts
     D:2: 611 daAuts
     D:3: 47 daAuts
